 Dungeon Crawl Stone Soup version 0.23-a0-422-g30b1108d6a (webtiles) character file.

320 btonasse the Ruffian (level 6, -1/51 HPs)
             Began as a Draconian Transmuter on Nov 15, 2018.
             Was an Initiate of Okawaru.
             Killed by divine providence
             ... invoked by an orc priest
              (8 damage)
             ... on level 3 of the Dungeon.
             The game lasted 00:07:34 (4444 turns).

btonasse the Ruffian (Draconian Transmuter)         Turns: 4444, Time: 00:07:34

Health: -1/51      AC:  2    Str: 13    XL:     6   Next: 22%
Magic:  0/9        EV: 21    Int: 15    God:    Okawaru [......]
Gold:   185        SH:  0    Dex: 16    Spells: 3/9 levels left

rFire    . . .     SeeInvis .     - Unarmed
rCold    . . .     Gourm    .   (shield currently unavailable)
rNeg     + . .     Faith    .   (armour unavailable)
rPois    x         Spirit   .   (helmet currently unavailable)
rElec    .         Reflect  .   (cloak currently unavailable)
rCorr    .         Harm     .   (gloves currently unavailable)
MR       .....                  (boots currently unavailable)
Stlth    +.........             (no amulet)
HPRegen  0.17/turn              w - ring of positive energy
MPRegen  0.11/turn              (no ring)

@: spider-form (expiring), very slightly contaminated
A: tiny, unfitting armour, AC +6
a: End Transformation, Renounce Religion


You were on level 3 of the Dungeon.
You worshipped Okawaru.
Okawaru was noncommittal.
You were hungry.
You were a venomous arachnid creature.
You visited 1 branch of the dungeon, and saw 4 of its levels.

You collected 185 gold pieces.

Inventory:

Hand Weapons
 v - a +0 hunting sling
Missiles
 a - 23 arrows
 e - 60 stones (quivered)
 q - 6 needles of confusion
Armour
 u - a +0 buckler
Jewellery
 d - an uncursed ring of ice
 w - a ring of positive energy (left front leg)
Wands
 t - a wand of polymorph (6)
Scrolls
 b - a scroll of remove curse
 f - a scroll of amnesia
 i - 4 scrolls of identify {unknown}
 j - a scroll of enchant weapon {unknown}
 k - a scroll of blinking {unknown}
 l - a scroll of teleportation {unknown}
 o - a scroll of immolation {unknown}
Potions
 g - a potion of heal wounds {unknown}
 h - a potion of curing {unknown}
 m - 2 potions of degeneration {unknown}
 n - a potion of might {unknown}
 p - 2 potions of cancellation {unknown}
 r - a potion of brilliance {unknown}
 s - a potion of mutation {unknown}
Comestibles
 c - 7 rations


   Skills:
 + Level 3.1 Fighting
 + Level 3.0 Dodging
 * Level 5.0 Unarmed Combat
 - Level 2.0 Spellcasting
 + Level 3.4 Transmutations


You had 3 spell levels left.
You knew the following spells:

 Your Spells              Type           Power        Failure   Level  Hunger
a - Beastly Appendage     Tmut           ##....       16%         1    #......
b - Sticks to Snakes      Tmut           ##......     22%         2    ###....
c - Spider Form           Tmut/Pois      #.........   54%         3    ###....

Your spell library contained the following spells:

 Spells                   Type           Power        Failure   Level  Hunger
 Ice Form                 Ice/Tmut       #.......     88%         4    #####..
 Blade Hands              Tmut           ##........   94%         5    ######.


Dungeon Overview and Level Annotations

Branches:
Dungeon (4/15)             Temple (0/1) D:4

Altars:
Okawaru


Innate Abilities, Weirdness & Mutations

((Your plain brown scales are hard. (AC +6)))
You cannot fit into any form of body armour.
((You are cold-blooded and may be slowed by cold attacks.))


Message History

The orc priest closely misses you.
You hit the orc priest.
The orc priest is moderately wounded.
You hit the orc priest but do no damage.
The orc priest is poisoned.
The orc priest is moderately wounded.
The orc priest hits you with a +0 mace of protection.
You hit the orc priest but do no damage.
The orc priest looks as sick as possible!
The orc priest is heavily wounded.
The orc priest mumbles some strange prayers to Beogh against you.
Beogh smites you!
* * * LOW HITPOINT WARNING * * *
You hit the orc priest.
The orc priest looks as sick as possible!
The orc priest is heavily wounded.
Your transformation is almost over.
The orc priest mumbles some strange prayers to Beogh against you.
Beogh smites you!
You die...

.....######.#...........#
.....# #.#...........#
#....#### #.#.#........##
#.......# #...#.......##
.......)###......)..###
..>.......).........#
#.......###.........#
##..................##
##..#######.....s....#
##..#######......o...###
###..#......##....)#...#
# #..#....).#####..###.#
###.........##.........#
.......................#
##...#......##.........#
##...#......##.........#
##...###################


You could see an orc priest.

Vanquished Creatures
  A scorpion (D:3)
  A jelly (D:3)
  Terence (D:3)
  An iguana (D:4)
  Robin (D:3)
  6 adders
  3 gnolls (D:3)
  2 oozes
  An adder skeleton (D:4)
  2 worms
  A dart slug (D:1)
  2 leopard geckos
  An orc (D:2)
  6 bats
  2 giant cockroaches
  16 goblins
  10 hobgoblins
  8 jackals
  2 quokkas (D:2)
  2 frilled lizards
  3 kobolds
  7 rats
79 creatures vanquished.

Vanquished Creatures (collateral kills)
  A giant cockroach (D:3)
1 creature vanquished.

Grand Total: 80 creatures vanquished

Notes
Turn   | Place    | Note
-------+----------+-------------------------------------------
     0 | D:1      | btonasse the Draconian Transmuter began the quest for the
                  | Orb.
     0 | D:1      | Reached XP level 1. HP: 16/16 MP: 3/3
   318 | D:1      | Reached XP level 2. HP: 18/23 MP: 5/5
   336 | D:1      | Learned a level 2 spell: Sticks to Snakes
  1239 | D:1      | Reached XP level 3. HP: 22/29 MP: 4/6
  1547 | D:1      | HP: 1/29 [poisoned by an adder]
  2083 | D:1      | Learned a level 3 spell: Spider Form
  2389 | D:2      | Reached XP level 4. HP: 36/36 MP: 5/7
  2674 | D:3      | Reached skill level 4 in Unarmed Combat
  2792 | D:3      | Reached XP level 5. HP: 17/42 MP: 6/8
  3486 | D:3      | Noticed Terence
  3496 | D:3      | Killed Terence
  3586 | D:3      | Noticed Robin
  3731 | D:3      | Killed Robin
  3822 | D:3      | Reached XP level 6. HP: 27/51 MP: 0/9
  4048 | D:3      | Found an iron altar of Okawaru.
  4057 | D:3      | Became a worshipper of Warmaster Okawaru
  4182 | D:4      | Reached skill level 5 in Unarmed Combat
  4200 | D:4      | Found a staircase to the Ecumenical Temple.
  4444 | D:3      | Killed from afar by an orc priest

Vault maps used:
D:1:      lemuel_arrival_hallway
D:2:      first_ration, minivault_19, hangedman_decor_opposing
D:3:      okawaru_gym_becter, uniq_terence, uniq_robin
D:4:      minmay_temple_entry_statues_pillars, minivault_5

Skill      XL: |  1  2  3  4  5  6 |
---------------+-------------------+-----
Dodging        | 2 3 |  3.0
Fighting       | 2 3 |  3.1
Unarmed Combat | 4 5 |  5.0
Transmutations | 3 |  3.4
Spellcasting   | |  2.0

Action                   |  1- 3 |  4- 6 || total
-------------------------+-------+-------++-------
Melee: Unarmed           |   140 |   143 ||   283
       Tailslap          |    11 |     9 ||    20
       Kick              |     4 |    18 ||    22
       Headbutt          |     5 |     1 ||     6
       Punch             |       |     1 ||     1
Throw: Stone             |       |     2 ||     2
 Cast: Beastly Appendage |    19 |    17 ||    36
       Sticks to Snakes  |     1 |     8 ||     9
       Spider Form       |       |     5 ||     5
  Use: Scroll            |     2 |       ||     2
       Potion            |       |     1 ||     1
 Stab: Sleeping          |     1 |     1 ||     2
       Distracted        |       |     1 ||     1
  Eat: Chunk             |     5 |     8 ||    13
Armor: Skin              |    38 |    33 ||    71
Dodge: Dodged            |    88 |    91 ||   179

Table legend:
 A = Non-vault XP
 B = Vault XP
 C = Vault XP percentage of total XP
 D = Non-vault monster count
 E = Vault monster count
 F = Vault count percentage of total count
                 A         B        C        D         E       F
            +---------+---------+-------+---------+---------+-------
      Total |     389 |      69 |  15.1 |      66 |      14 |  17.5
            +---------+---------+-------+---------+---------+-------
        D:1 |      66 |       0 |   0.0 |      25 |       0 |   0.0
        D:2 |      44 |      10 |  18.5 |      20 |       6 |  23.1
        D:3 |     224 |      59 |  20.8 |      18 |       8 |  30.8
        D:4 |      55 |       0 |   0.0 |       3 |       0 |   0.0
            +---------+---------+-------+---------+---------+-------
